nht, chaotic female elven Wizard --------------- |.............| %C@########%..<..........| |.............| h |.............| ----+---.------ : C k nht the Conjurer Experience level: 5 Strength: 9 Dexterity: 14 Constitution: 13 Intelligence: 20 Wisdom: 8 Charisma: 11 Health: 0(27) Energy: 21(54) Def: 1 Gold: 505 Moves: 1001 Dungeon seed: GHPTJ3S_clrO9UeF Game ID: nht_1433665959 Your Inventory: Coins $ - 505 gold pieces Weapons a - a blessed +1 quarterstaff (weapon in hands) Armor e - an uncursed +0 cloak of magic resistance (being worn) Comestibles r - an uncursed tripe ration Scrolls i - 2 uncursed scrolls of enchant weapon j - a blessed scroll of remove curse s - an uncursed scroll of scare monster w - an uncursed scroll of destroy armor y - 2 uncursed scrolls of earth B - an uncursed scroll of magic mapping Spellbooks l - a blessed spellbook of magic missile m - an uncursed spellbook of detect food u - a blessed spellbook of blank paper Potions f - an uncursed potion of sickness g - a blessed potion of confusion h - an uncursed potion of levitation z - an uncursed potion of invisibility Rings c - an uncursed +1 ring of gain strength d - an uncursed ring of warning q - an uncursed ring of polymorph control Wands b - a wand of striking (0:0) C - a cursed wand of light (0:14) Tools n - a magic marker (0:40) o - an uncursed wooden flute Gems N - an uncursed worthless piece of orange glass Spells known in the end: Name Level Category Fail Memory a - force bolt 1 attack 0% 95% b - magic missile 2 attack 0% 95% c - detect food 2 divination 39% 95% d - detect monsters 1 divination 0% 98% Your skills at the end: Fighting Skills Weapon Skills quarterstaff [Basic] Spellcasting Skills attack spells [Basic] enchantment spells [Basic] Final Attributes: You were piously aligned. You were sleep resistant. You were poison resistant. You were magic-protected. You were blinded. You were telepathic. You had infravision. You were invisible. You are dead. Vanquished creatures: a small mimic 4 bugbears an Uruk-hai a gnomish wizard a floating eye a kitten a rothe a large kobold a yellow mold 3 red molds 5 gnomes a gecko 3 jackals a fox 2 goblins 2 lichens 29 creatures vanquished. Voluntary challenges: You were an atheist. You used a wielded weapon 42 times, starting on turn 9. You read items or engraved 3 times, starting on turn 452. You never genocided any monsters. You never polymorphed an object. You never changed form. You used no wishes. You never split a pudding. You never wrote Elbereth's name. You never violated your personal moral code. You disabled loading bones files. Dungeon overview: The Dungeons of Doom: levels 1 to 9 Level 1 a long staircase Level 2 Level 3 a sink Level 4 a fountain Level 5 Level 6 Level 7 stairs to Sokoban Level 8 (chauns) Level 9 <- You were here Sokoban: Level 6 stairs to The Dungeons of Doom History has recorded: On T:1 you entered the Dungeons of Doom to retrieve the Amulet of Yendor! On T:123 you reached level 2 of The Dungeons of Doom. On T:142 you reached level 3 of The Dungeons of Doom. On T:241 you advanced to experience level 2. On T:366 you reached level 4 of The Dungeons of Doom. On T:457 you advanced to experience level 3. On T:459 you reached level 5 of The Dungeons of Doom. On T:574 you reached level 6 of The Dungeons of Doom. On T:601 you reached level 7 of The Dungeons of Doom. On T:610 you advanced to experience level 4. On T:654 you reached level 4 of Sokoban. On T:824 you reached level 8 of The Dungeons of Doom. On T:933 you reached level 9 of The Dungeons of Doom. On T:993 you advanced to experience level 5. Score breakdown: Gold: 505 ( 9198 points) Experience: 5 levels (11141 points) Exploration: 9 levels ( 17.31%) (11881 points) Discoveries: 5 items ( 1.81%) ( 4030 points) Valuables value: (no points given unless you survive) Artifact value: 0 ( 0 points) Variety of kills: 16 monsters ( 4.22%) ( 6163 points) Time penalty: 1001 turns ( 0 points) Survival: died (score multiplied by 80%) Total score: 33930 Latest messages: You hit the plains centaur. The plains centaur hits! You die... Final status: Goodbye nht the Wizard, killed by a plains centaur... You died in The Dungeons of Doom on dungeon level 9 with 33930 points, and 505 pieces of gold, after 1001 moves. You were level 5 with a maximum of 27 hit points when you died.